ORI
UNIVERSITY OF OKLAHOMA SOONERS @ UNIVERSITY OF CONNETICUT HUSKIES
11/10/2048
 
TOP OF THE 1ST
University of Alabama Crimson Tide batting - Pitching for University of Southern California Trojans : RHP Danny Coronado
Pitching: RHP Danny Coronado
Batting: LHB Joe Blackwood 0-0: Ball
1-0: Foul Ball, location: 2F
1-1: Called Strike
1-2: Fly out, F8 (Flyball, 8LD, EV 96.9 MPH)
Batting: RHB Jong-your Lee 0-0: Foul Ball, location: 2F
0-1: Ball
1-1: Ball
2-1: Ground out 5-3 (Groundball, 5, EV 104.4 MPH)
Batting: LHB Danny Schultz 0-0: Fly out, F7 (Line Drive, 78S, EV 89.4 MPH)
Top of the 1st over - 0 runs, 0 hits, 0 errors, 0 left on base; University of Alabama 0 - University of Southern California 0
BOTTOM OF THE 1ST
University of Southern California Trojans batting - Pitching for University of Alabama Crimson Tide : RHP Mike Sisson
Pitching: RHP Mike Sisson
Batting: LHB Alonzo Catalan 0-0: Ball
1-0: Called Strike
1-1: Ground out 4-3 (Groundball, 34, EV 83.8 MPH)
Batting: RHB Rick Acevedo 0-0: Called Strike
0-1: SINGLE (Flyball, 89S, EV 88.8 MPH)
Batting: RHB Eric Baker 0-0: Foul Ball, location: 2F
0-1: Fly out, F7 (Flyball, 7LM, EV 96.9 MPH)
Batting: SHB Jason Keys 0-0: Ball
1-0: Swinging Strike
1-1: Swinging Strike
1-2: Foul Ball, location: 2F
1-2: Fly out, F8 (Flyball, 8LM, EV 80.0 MPH)
Bottom of the 1st over - 0 runs, 1 hit, 0 errors, 1 left on base; University of Alabama 0 - University of Southern California 0
TOP OF THE 2ND
University of Alabama Crimson Tide batting - Pitching for University of Southern California Trojans : RHP Danny Coronado
Batting: RHB Juan Araiza 0-0: Ground out U3 (Groundball, 34, EV 102.5 MPH)
Batting: LHB Yu-shu Ni 0-0: Called Strike
0-1: Ball
1-1: Ball
2-1: Foul Ball, location: 2F
2-2: Foul Ball, location: 2F
2-2: Fly out, F7 (Flyball, 78D, EV 95.6 MPH)
Batting: RHB Hughie Withers 0-0: Called Strike
0-1: Ball
1-1: Foul Ball, location: 2F
1-2: Hit by Pitch
Batting: LHB Platon Protopsaltis 0-0: Swinging Strike
0-1: Ball
1-1: Ball
2-1: Foul Ball, location: 2F
2-2: Strikes out swinging
Top of the 2nd over - 0 runs, 0 hits, 0 errors, 1 left on base; University of Alabama 0 - University of Southern California 0
BOTTOM OF THE 2ND
University of Southern California Trojans batting - Pitching for University of Alabama Crimson Tide : RHP Mike Sisson
Batting: RHB Bobby Basoco 0-0: Called Strike
0-1: Ball
1-1: Foul Ball, location: 2F
1-2: Ball
2-2: Strikes out swinging
Batting: LHB Justin Veirs 0-0: Called Strike
0-1: Ball
1-1: Called Strike
1-2: Ball
2-2: Strikes out swinging
Batting: RHB John Sandberg 0-0: Ball
1-0: Called Strike
1-1: Ball
2-1: Foul Ball, location: 2F
2-2: Strikes out swinging
Bottom of the 2nd over - 0 runs, 0 hits, 0 errors, 0 left on base; University of Alabama 0 - University of Southern California 0
TOP OF THE 3RD
University of Alabama Crimson Tide batting - Pitching for University of Southern California Trojans : RHP Danny Coronado
Batting: RHB Eric Kilmer 0-0: Ball
1-0: Foul Ball, location: 2F
1-1: Ball
2-1: Foul Ball, location: 2F
2-2: Foul Ball, location: 2F
2-2: Foul Ball, location: 2F
2-2: Strikes out swinging
Batting: RHB Larry Brown 0-0: Ball
1-0: Swinging Strike
1-1: Swinging Strike
1-2: Strikes out swinging
Batting: LHB Joe Blackwood 0-0: Ball
1-0: Ball
2-0: Ball
3-0: Called Strike
3-1: Fly out, F7 (Flyball, 7, EV 95.0 MPH)
Top of the 3rd over - 0 runs, 0 hits, 0 errors, 0 left on base; University of Alabama 0 - University of Southern California 0
BOTTOM OF THE 3RD
University of Southern California Trojans batting - Pitching for University of Alabama Crimson Tide : RHP Mike Sisson
Batting: RHB Jim Baltazar 0-0: Foul Ball, location: 2F
0-1: Called Strike
0-2: Ball
1-2: Foul Ball, location: 2F
1-2: Foul Ball, location: 2F
1-2: Ball
2-2: Ground out 5-3 (Groundball, 5L, EV 80.6 MPH)
Batting: RHB Jochen Schanz 0-0: Called Strike
0-1: Foul Ball, location: 2F
0-2: Strikes out looking
Batting: LHB Alonzo Catalan 0-0: Called Strike
0-1: Ball
1-1: Ball
2-1: Fly out, F7 (Line Drive, 7, EV 90.0 MPH)
Bottom of the 3rd over - 0 runs, 0 hits, 0 errors, 0 left on base; University of Alabama 0 - University of Southern California 0
TOP OF THE 4TH
University of Alabama Crimson Tide batting - Pitching for University of Southern California Trojans : RHP Danny Coronado
Batting: RHB Jong-your Lee 0-0: Swinging Strike
0-1: Swinging Strike
0-2: Ball
1-2: Foul Ball, location: 2F
1-2: Ball
2-2: Strikes out swinging
Batting: LHB Danny Schultz 0-0: Ball
1-0: Ball
2-0: Ball
3-0: Foul Ball, location: 2F
3-1: Foul Ball, location: 2F
3-2: Strikes out looking
Batting: RHB Juan Araiza 0-0: SINGLE (Groundball, 56D, EV 96.9 MPH)
Batting: LHB Yu-shu Ni 0-0: Swinging Strike
0-1: Ball
1-1: Ball
2-1: Called Strike
2-2: Strikes out swinging
Top of the 4th over - 0 runs, 1 hit, 0 errors, 1 left on base; University of Alabama 0 - University of Southern California 0
BOTTOM OF THE 4TH
University of Southern California Trojans batting - Pitching for University of Alabama Crimson Tide : RHP Mike Sisson
Batting: RHB Rick Acevedo 0-0: Called Strike
0-1: Ball
1-1: Foul Ball, location: 2F
1-2: Ball
2-2: DOUBLE (Line Drive, 9LS, EV 112.5 MPH)
Batting: RHB Eric Baker 0-0: Ball
1-0: Ground out 6-3 (Groundball, 6, EV 98.1 MPH)
Batting: SHB Jason Keys 0-0: Foul Ball, location: 2F
0-1: Called Strike
0-2: Fly out, F6 (Line Drive, 6, EV 60.0 MPH)
Batting: RHB Bobby Basoco 0-0: Called Strike
0-1: Ball
1-1: Called Strike
1-2: Strikes out looking
Bottom of the 4th over - 0 runs, 1 hit, 0 errors, 1 left on base; University of Alabama 0 - University of Southern California 0
TOP OF THE 5TH
University of Alabama Crimson Tide batting - Pitching for University of Southern California Trojans : RHP Danny Coronado
Batting: RHB Hughie Withers 0-0: Ball
1-0: Foul Ball, location: 2F
1-1: SINGLE (Flyball, 5D, EV 89.4 MPH)
Batting: LHB Platon Protopsaltis 0-0: Ball
1-0: Hit by Pitch
Hughie Withers to second
Batting: RHB Eric Kilmer 0-0: Called Strike
0-1: Swinging Strike
0-2: Ball
1-2: Ball
2-2: Hit by Pitch
Hughie Withers to third
Platon Protopsaltis to second
Batting: RHB Larry Brown 0-0: Called Strike
0-1: Ball
1-1: Foul Ball, location: 2F
1-2: Ball
2-2: Strikes out looking
Batting: LHB Joe Blackwood 0-0: Ball
1-0: Ball
2-0: Ball
3-0: Called Strike
3-1: Fly out, F8 (Flyball, 78D, EV 96.2 MPH)
Runner from 3rd tags up, SCORES, throw by CF
Pitching: LHP Bimo Kartini
Batting: RHB Jong-your Lee 0-0: Ball
1-0: Called Strike
1-1: Swinging Strike
1-2: Strikes out looking
Top of the 5th over - 1 run, 1 hit, 0 errors, 2 left on base; University of Alabama 1 - University of Southern California 0
BOTTOM OF THE 5TH
University of Southern California Trojans batting - Pitching for University of Alabama Crimson Tide : RHP Mike Sisson
Batting: LHB Justin Veirs 0-0: Foul Ball, location: 2F
0-1: Ball
1-1: Called Strike
1-2: Ball
2-2: Foul Ball, location: 2F
2-2: Foul Ball, location: 2F
2-2: Hit by Pitch
Batting: RHB John Sandberg 0-0: Called Strike
0-1: Swinging Strike
0-2: Ball
1-2: Fly out, F7 (Flyball, 7, EV 86.9 MPH)
Batting: RHB Jim Baltazar 0-0: Ball
1-0: Ball
2-0: Called Strike
2-1: Foul Ball, location: 2F
2-2: Ball
3-2: Fielders Choice at 2nd, 5-4 (Groundball, 56, EV 78.8 MPH)
Batting: RHB Jochen Schanz 0-0: Called Strike
0-1: Swinging Strike
0-2: Ball
1-2: Strikes out swinging
Bottom of the 5th over - 0 runs, 0 hits, 0 errors, 1 left on base; University of Alabama 1 - University of Southern California 0
TOP OF THE 6TH
University of Alabama Crimson Tide batting - Pitching for University of Southern California Trojans : LHP Bimo Kartini
Batting: LHB Danny Schultz 0-0: Ball
1-0: Fly out, F7 (Line Drive, 7LM, EV 92.5 MPH)
Batting: RHB Juan Araiza 0-0: Called Strike
0-1: Foul Ball, location: 2F
0-2: Ball
1-2: Ball
2-2: Fly out, F8 (Flyball, 89S, EV 90.0 MPH)
Batting: LHB Yu-shu Ni 0-0: Called Strike
0-1: Ball
1-1: Ball
2-1: Fly out, F8 (Line Drive, 8RM, EV 103.1 MPH)
Top of the 6th over - 0 runs, 0 hits, 0 errors, 0 left on base; University of Alabama 1 - University of Southern California 0
BOTTOM OF THE 6TH
University of Southern California Trojans batting - Pitching for University of Alabama Crimson Tide : RHP Mike Sisson
Batting: LHB Alonzo Catalan 0-0: Ball
1-0: Called Strike
1-1: Ball
2-1: Swinging Strike
2-2: Ball
3-2: Base on Balls
Pitching: LHP Juan Cardenas
Batting: RHB Rick Acevedo 0-0: Called Strike
0-1: Ball
1-1: Foul Ball, location: 2F
1-2: Ball
2-2: Fielders Choice at 2nd, 1-6 (Groundball, 13, EV 68.8 MPH)
Batting: RHB Eric Baker 0-0: Foul Ball, location: 2F
0-1: Ball
1-1: Ball
2-1: Fly out, F9 (Line Drive, 9, EV 95.0 MPH)
Batting: SHB Jason Keys 0-0: Ball
1-0: Ball
2-0: Ball
3-0: Base on Balls
Rick Acevedo to second
Batting: RHB Bobby Basoco 0-0: DOUBLE (Groundball, 5L, EV 101.9 MPH)
Rick Acevedo scores
Jason Keys to third
Batting: LHB Justin Veirs 0-0: Ball
1-0: Ball
2-0: Foul Ball, location: 2F
2-1: Ball
3-1: Base on Balls
Batting: RHB John Sandberg 0-0: Foul Ball, location: 2F
0-1: Ball
1-1: Ball
2-1: Foul Ball, location: 2F
2-2: Ball
3-2: Foul Ball, location: 2F
3-2: Ground out 6-3 (Groundball, 6, EV 76.9 MPH)
Bottom of the 6th over - 1 run, 1 hit, 0 errors, 3 left on base; University of Alabama 1 - University of Southern California 1
TOP OF THE 7TH
University of Alabama Crimson Tide batting - Pitching for University of Southern California Trojans : LHP Bimo Kartini
Batting: RHB Hughie Withers 0-0: Ball
1-0: Ball
2-0: Swinging Strike
2-1: Called Strike
2-2: Ball
3-2: Fly out, F8 (Flyball, 8RD, EV 96.2 MPH)
Batting: LHB Platon Protopsaltis 0-0: Ball
1-0: Ball
2-0: Ball
3-0: Base on Balls
Batting: RHB Eric Kilmer 0-0: Called Strike
Platon Protopsaltis is caught stealing 2nd base 2-4
0-1: Ball
1-1: Ball
2-1: Foul Ball, location: 2F
2-2: Foul Ball, location: 2F
2-2: DOUBLE (Groundball, 5L, EV 103.8 MPH)
Batting: RHB Larry Brown 0-0: Foul Ball, location: 2F
0-1: Ball
1-1: Ball
2-1: Ball
3-1: Base on Balls
Batting: LHB Joe Blackwood 0-0: Ball
1-0: Called Strike
1-1: SINGLE (Groundball, 34D, EV 105.0 MPH)
Eric Kilmer to third
Larry Brown to second
Runner from 3rd tries for Home, SAFE, throw by RF to home
Batting: RHB Jong-your Lee 0-0: Ball
1-0: Ball
2-0: Called Strike
2-1: Foul Ball, location: 2F
2-2: Ball
3-2: Strikes out swinging
Top of the 7th over - 1 run, 2 hits, 0 errors, 2 left on base; University of Alabama 2 - University of Southern California 1
BOTTOM OF THE 7TH
University of Southern California Trojans batting - Pitching for University of Alabama Crimson Tide : LHP Juan Cardenas
Pitching: RHP Devon Williams
Batting: RHB Jim Baltazar 0-0: Foul Ball, location: 2F
0-1: Ball
1-1: Ground out 6-3 (Groundball, 6, EV 81.2 MPH)
Batting: RHB Jochen Schanz 0-0: Called Strike
0-1: Ground out 4-3 (Groundball, 34, EV 102.5 MPH)
Pinch Hitting: LHB Roger Kean 0-0: Ball
1-0: Ball
2-0: Swinging Strike
2-1: Reached on error, E6 (Groundball, 6S, EV 84.4 MPH)
Batting: RHB Rick Acevedo 0-0: Called Strike
0-1: Foul Ball, location: 2F
0-2: Strikes out swinging
Bottom of the 7th over - 0 runs, 0 hits, 1 error, 1 left on base; University of Alabama 2 - University of Southern California 1
TOP OF THE 8TH
University of Alabama Crimson Tide batting - Pitching for University of Southern California Trojans : LHP Bimo Kartini
Pitching: LHP Jaden Peay
Now in CF: Roger Kean
Batting: LHB Danny Schultz 0-0: Foul Ball, location: 2F
0-1: Swinging Strike
0-2: Ball
1-2: SINGLE (Groundball, 34, EV 103.1 MPH)
Batting: RHB Juan Araiza 0-0: Ball
1-0: Called Strike
1-1: Called Strike
1-2: Ball
2-2: Foul Ball, location: 2F
2-2: Ball
3-2: Base on Balls
Danny Schultz to second
Batting: LHB Yu-shu Ni 0-0: Ball
1-0: SINGLE (Groundball, 4M, EV 85.6 MPH) (infield hit)
Danny Schultz to third
Juan Araiza to second
Batting: RHB Hughie Withers 0-0: Called Strike
0-1: Foul Ball, location: 2F
0-2: SINGLE (Line Drive, 8RS, EV 105.6 MPH)
Danny Schultz scores
Juan Araiza to third
Yu-shu Ni to second
Batting: LHB Platon Protopsaltis 0-0: Foul Ball, location: 2F
0-1: Fly out, F9 (Flyball, 9, EV 79.4 MPH)
Runner from 3rd tags up, OUT at HOME! 9-2
Yu-shu Ni to third
Hughie Withers to second
Batting: RHB Eric Kilmer 0-0: Ball
1-0: Swinging Strike
1-1: Called Strike
1-2: Ball
2-2: Fly out, F8 (Line Drive, 78M, EV 91.2 MPH)
Top of the 8th over - 1 run, 3 hits, 0 errors, 2 left on base; University of Alabama 3 - University of Southern California 1
BOTTOM OF THE 8TH
University of Southern California Trojans batting - Pitching for University of Alabama Crimson Tide : RHP Devon Williams
Pitching: RHP Dave Bellah
Batting: RHB Eric Baker 0-0: Foul Ball, location: 2F
0-1: Ball
1-1: Fly out, F8 (Flyball, 8LM, EV 91.2 MPH)
Batting: SHB Jason Keys 0-0: Ball
1-0: Foul Ball, location: 2F
1-1: Ball
2-1: Ball
3-1: Foul Ball, location: 2F
3-2: Foul Ball, location: 2F
3-2: Foul Ball, location: 2F
3-2: SINGLE (Flyball, 5D, EV 97.5 MPH)
Batting: RHB Bobby Basoco 0-0: Foul Ball, location: 2F
0-1: Ball
1-1: Foul Ball, location: 2F
1-2: Ball
2-2: Foul Ball, location: 2F
2-2: Foul Ball, location: 2F
2-2: Fly out, F7 (Flyball, 7, EV 69.4 MPH)
Batting: LHB Justin Veirs 0-0: Foul Ball, location: 2F
0-1: Ball
1-1: DOUBLE (Groundball, 5L, EV 106.9 MPH)
Jason Keys to third
Runner from 3rd tries for Home, SAFE, throw by LF to home
Batting: RHB John Sandberg 0-0: Ball
1-0: Ball
2-0: Foul Ball, location: 2F
2-1: SINGLE (Groundball, 34D, EV 94.4 MPH)
Justin Veirs to third
Runner from 3rd tries for Home, throw by RF and OUT! 9-2
Bottom of the 8th over - 1 run, 3 hits, 0 errors, 1 left on base; University of Alabama 3 - University of Southern California 2
TOP OF THE 9TH
University of Alabama Crimson Tide batting - Pitching for University of Southern California Trojans : LHP Jaden Peay
Pitching: RHP Tom Applebee
Batting: RHB Larry Brown 0-0: Ball
1-0: Called Strike
1-1: Fly out, F2 (Popup, 23F, EV 93.8 MPH)
Batting: LHB Joe Blackwood 0-0: Swinging Strike
0-1: Ball
1-1: Ball
2-1: DOUBLE (Line Drive, 5D, EV 94.4 MPH)
Batting: RHB Jong-your Lee 0-0: Ball
1-0: Ball
2-0: Called Strike
2-1: Fly out, F9 (Flyball, 89M, EV 88.8 MPH)
Batting: LHB Danny Schultz 0-0: Ball
1-0: Called Strike
1-1: Fly out, F7 (Flyball, 7LM, EV 75.0 MPH)
Top of the 9th over - 0 runs, 1 hit, 0 errors, 1 left on base; University of Alabama 3 - University of Southern California 2
BOTTOM OF THE 9TH
University of Southern California Trojans batting - Pitching for University of Alabama Crimson Tide : RHP Dave Bellah
Pitching: RHP Chad Wickel
Batting: RHB Jim Baltazar 0-0: Ball
1-0: Called Strike
1-1: Called Strike
1-2: Ball
2-2: Foul Ball, location: 2F
2-2: Strikes out swinging
Pinch Hitting: SHB Mhelter Daulong 0-0: Ball
1-0: Called Strike
1-1: Called Strike
1-2: Ball
2-2: Ball
3-2: Ground out U3 (Groundball, 3, EV 91.2 MPH)
Batting: LHB Roger Kean 0-0: Ball
1-0: DOUBLE (Line Drive, 78XD, EV 111.2 MPH)
Batting: RHB Rick Acevedo 0-0: Ball
1-0: Fly out, F8 (Flyball, 8LD, EV 98.1 MPH)
Bottom of the 9th over - 0 runs, 1 hit, 0 errors, 1 left on base; University of Alabama 3 - University of Southern California 2
Tuesday, March 28th , 2023 - OOTP Baseball 23.10 Build 110